 Dungeon Crawl Stone Soup version 0.20.1-2-g1830e616b0 (webtiles) character file.

111 Alfie the Shooter (level 4, -5/38 HPs)
             Began as a Minotaur Hunter on Feb 6, 2020.
             Slain by a hornet zombie (8 damage)
             ... on level 3 of the Dungeon.
             The game lasted 00:05:31 (1775 turns).

Alfie the Shooter (Minotaur Hunter)                 Turns: 1775, Time: 00:05:32

Health: -5/38      AC:  3    Str: 17    XL:     4   Next: 62%
Magic:  3/3        EV: 12    Int:  8    God:
Gold:   57         SH:  0    Dex: 11    Spells: 3/3 levels left

rFire    . . .     SeeInvis .   a - +2 shortbow
rCold    . . .     Gourm    .   (shield currently unavailable)
rNeg     . . .     Faith    .   c - +0 leather armour
rPois    .         Spirit   .   (helmet restricted)
rElec    .         Reflect  .   (no cloak)
rCorr    .         Harm     .   (no gloves)
MR       .....                  (no boots)
Stlth    +.........             (no amulet)
Regen    0.2/turn               (no ring)
MPRegen  0.1/turn               (no ring)

@: no status effects
A: retaliatory headbutt, horns 2
a: no special abilities


You were on level 3 of the Dungeon.
You were not hungry.

You visited 1 branch of the dungeon, and saw 3 of its levels.

You collected 57 gold pieces.

Inventory:

Hand Weapons
 a - a +2 shortbow (weapon)
 b - a +2 short sword
Missiles
 d - 23 arrows (quivered)
Armour
 c - a +0 leather armour (worn)
Jewellery
 h - a +2 ring of slaying {unknown}
 l - an uncursed ring of poison resistance {unknown}
Wands
 j - a wand of polymorph (16/24)
Scrolls
 e - a scroll of remove curse
 g - 3 scrolls of identify {unknown}
 i - a scroll of teleportation
 k - a scroll of fear {unknown}
Comestibles
 f - 4 bread rations
 m - 7 fruits


   Skills:
 + Level 3.1 Fighting
 + Level 6.2 Bows
 + Level 1.2 Armour
 + Level 2.2 Dodging
 + Level 0.7 Stealth


You had 3 spell levels left.
You didn't know any spells.

Dungeon Overview and Level Annotations

Branches:
Dungeon (3/15)

Altars:
Ru
Trog
Vehumet
The Shining One


Innate Abilities, Weirdness & Mutations

You reflexively headbutt those who attack you in melee.
You have a pair of horns on your head.


Message History

You shoot an arrow. The arrow hits the hornet zombie.
The hornet zombie is heavily damaged.
The hornet zombie misses you. You furiously retaliate!
You headbutt the hornet zombie.
Firing (i - inventory):
d - 25 arrows (quivered)
Press: ? - help, Shift-Dir - straight line, f/p - hornet zombie
Aim: a hornet zombie (heavily damaged)
You shoot an arrow. The arrow hits the hornet zombie!
The hornet zombie is severely damaged.
The hornet zombie hits you!
* * * LOW HITPOINT WARNING * * *
Firing (i - inventory):
d - 24 arrows (quivered)
Press: ? - help, Shift-Dir - straight line, f/p - hornet zombie
Aim: a hornet zombie (severely damaged)
You shoot an arrow. The arrow hits the hornet zombie.
The hornet zombie is severely damaged.
The hornet zombie hits you.
* * * LOW HITPOINT WARNING * * *
The hornet zombie hits you!
You die...

#######.##
.(.......#
.........#
.........
....(....
...((...#
.....)Z.#
.....(.@#
........#
.########


You could see a hornet zombie.

Vanquished Creatures
  5 adders (D:2)
  3 worms (D:2)
  2 giant cockroaches
  9 goblins
  9 hobgoblins
  8 jackals
  8 kobolds
  3 bats
  2 frilled lizards
  5 rats
54 creatures vanquished.

Notes
Turn   | Place    | Note
-------+----------+-------------------------------------------
     0 | D:1      | Alfie the Minotaur Hunter began the quest for the Orb.
     0 | D:1      | Reached XP level 1. HP: 18/18 MP: 0/0
   226 | D:1      | Reached XP level 2. HP: 25/25 MP: 1/1
   392 | D:1      | Reached skill level 5 in Bows
   779 | D:2      | Reached XP level 3. HP: 30/30 MP: 2/2
   805 | D:2      | Found a bloodstained altar of Trog.
   807 | D:2      | Found a sacrificial altar of Ru.
   808 | D:2      | Found a glowing golden altar of the Shining One.
  1074 | D:2      | Reached XP level 4. HP: 29/37 MP: 3/3
  1265 | D:2      | Reached skill level 6 in Bows
  1337 | D:2      | Reached skill level 1 in Armour
  1606 | D:2      | Found a radiant altar of Vehumet.
  1775 | D:3      | Slain by a hornet zombie

Skill      XL: |  1  2  3  4 |
---------------+-------------+-----
Bows           | 5 6 |  6.2
Fighting       | 3 |  3.1
Armour         | 1 |  1.2
Dodging        | |  2.2
Stealth        | |  0.7

Action                   |  1- 3 |  4- 6 || total
-------------------------+-------+-------++-------
 Fire: Shortbow          |    86 |    53 ||   139
  Use: Scroll            |     6 |       ||     6
  Eat: Fruit             |       |     2 ||     2
       Bread ration      |       |     1 ||     1
Armor: Leather armour    |     6 |     5 ||    11
Dodge: Dodged            |    18 |     9 ||    27
